[Event "XX Gran Hotel Bali-A 2023"]
[Site "Benidorm"]
[Date "2023.12.02"]
[Round "2.12"]
[White "Goluch, Piotr"]
[Black "Barbera Estelles, Rosendo"]
[Result "1-0"]
[ECO "D90"]
[WhiteElo "2309"]
[BlackElo "2120"]
[Annotator "RC"]
[PlyCount "73"]
[EventDate "2023.12.02"]
[EventType "swiss"]
[EventCountry "ESP"]
[SourceTitle "playchess.com"]
[Source "ChessBase"]
[SourceQuality "1"]
[TimeControl "5400+30"]

1. d4 Nf6 2. c4 g6 3. Nc3 d5 4. cxd5 Nxd5 5. Bd2 Bg7 6. Rc1 Nb6 7. Nf3 O-O 8. e3 Nc6 9. Bb5 Bd7 10. O-O a6 11. Be2 e5 12. d5 Ne7 13. e4 Nbc8 14. Na4 Nd6 15. Nc5 Bc8 16. Qc2 c6 17. Rfd1 cxd5 18. exd5 b6 19. Na4 Bb7 20. Bg5 f6 21. Be3 Rc8 22. Qb3 Rxc1 23. Bxc1 Nec8 24. Be3 b5 25. Nc5 Rf7 26. a4 Qa5 27. axb5 axb5 28. h4 Nb6 29. h5 Qa8 30. Nxb7 Rxb7 31. hxg6 hxg6 32. Bc5 Qd8 33. Nh4 g5 34. Bxd6 Qxd6 35. Nf5 Qd7 36. d6+ Kf8 37. Ne7 1-0

[Event "XX Gran Hotel Bali-A 2023"]
[Site "Benidorm"]
[Date "2023.12.03"]
[Round "3.1"]
[White "Grigoryan, Karen H."]
[Black "Mingarro Carceller, Sergi"]
[Result "1-0"]
[ECO "C02"]
[WhiteElo "2646"]
[BlackElo "2253"]
[Annotator "TA"]
[PlyCount "111"]
[EventDate "2023.12.02"]
[EventType "swiss"]
[EventCountry "ESP"]
[SourceTitle "playchess.com"]
[Source "ChessBase"]
[SourceQuality "1"]
[TimeControl "5400+30"]

1. e4 e6 2. d4 d5 3. e5 c5 4. c3 Nc6 5. Nf3 Bd7 6. a3 c4 7. g3 f6 {[%emt 0:04:24] [#]} 8. Bf4 $146 {[%emt 0:07:39] C02: French: Advance Variation.} ({Better is} 8. Bh3 $11) ({Predecessor:} 8. exf6 Nxf6 9. Ne5 Nxe5 10. dxe5 Ne4 11. Be3 Qc7 12. Bd4 Be7 13. Nd2 Nc5 14. Be2 Ba4 15. Qb1 O-O-O {1-0 Sahl,B (2326)-Thogersen,R (2248) DEN-chT 1920 58th 2019 (8.5)}) 8... Qb6 $15 9. Qc2 (9. Ra2 $15) 9... Nh6 $2 (9... g5 $17 10. Be3 g4) 10. Bxh6 $14 {[%emt 0:03:41] White is slightly better.} gxh6 11. exf6 O-O-O 12. Nbd2 Bd6 13. Bg2 Rdf8 14. O-O Rxf6 15. b3 cxb3 16. Nxb3 Rhf8 17. Nbd2 e5 18. dxe5 Bxe5 19. Rab1 Qc5 20. Qb2 {[%emt 0:05:05] Some like it hot} b6 ({Not} 20... Bxc3 21. Qxb7+ Kd8 22. Rb5 $16 (22. Rbc1 Qxa3 23. Nb1 Qb2 $11)) 21. Rbc1 Bd6 22. c4 Qxa3 23. Qxa3 (23. Qc2 {keeps more tension.} Nb4 24. Qxh7 Bf5 25. cxd5+ Nc2 26. Rxc2+ Kb8 27. Qg7) 23... Bxa3 {[%emt 0:00:02] This pair of bishops is nice.} 24. cxd5 {[%emt 0:00:33][%mdl 64] Pin} Bxc1 25. Rxc1 {[%emt 0:00:10][%mdl 64] Pin} Kb7 $2 {[%emt 0:01:52] [#]} 26. Nc4 $2 {[%emt 0:10:03] [#]} ({Inferior is} 26. dxc6+ Bxc6 27. Re1 (27. Rc3 a5 $15) 27... a5 $15) ({Only move:} 26. Ne4 $1 $18 ) 26... b5 27. dxc6+ $11 Bxc6 28. Nce5 Bxf3 (28... Be4 $11 {keeps the balance.}) 29. Nxf3 $16 {[%emt 0:00:09] Black must now prevent Ne5+.} Kb6 (29... Rxf3 $2 30. Rc3 $18) 30. Ne5 {[%emt 0:00:36] Nd7+ would be deadly.} Rd8 {[%emt 0:00:12] Wards off Nd7+} 31. Rb1 Rd4 32. f4 Rfd6 {[%emt 0:00:43] ...Rd1+ is the strong threat.} 33. Bf1 {[%emt 0:00:27] White is more active.} R6d5 34. Nc4+ Ka6 (34... Kc6 $1 $11) 35. Ne3 Rc5 36. f5 Kb6 37. f6 {[%emt 0:00:31] And now f7 would win.} a6 (37... Rd8 $16) 38. Bg2 $18 {[%emt 0:03:23] Strongly threatening f7.} Rd8 39. Rf1 {[%emt 0:00:29][%cal Oe3d5] Hoping for Nd5+!} Rf8 40. Nd5+ Kc6 $2 {[%emt 0:00:45] This costs Black the game.} (40... Ka7 $16 {is more resistant.}) 41. Nf4+ Kd6 42. Rd1+ Ke5 43. Nd3+ Kd4 44. Nxc5+ Kxc5 {[%emt 0:00:02][%mdl 4096] Endgame KRB-KR} 45. Rd5+ Kc4 46. Rd6 a5 47. Bf1+ Kc5 48. Ra6 b4 49. Rxa5+ Kd4 50. Rb5 Kc3 51. Rc5+ Kb2 52. Rf5 {[%emt 0:00:14] Rf3 would kill now.} b3 53. Rf3 {[%emt 0:00:26] Threatening mate with Bc4.} Kc2 54. Bd3+ Kd2 55. Bxh7 b2 56. f7 {[%emt 0:00:18] Weighted Error Value: White=0.25 (precise) /Black=0.46} 1-0

[Event "XX Gran Hotel Bali-A 2023"]
[Site "Benidorm"]
[Date "2023.12.03"]
[Round "3.2"]
[White "Domingo Nunez, Ruben"]
[Black "Torres Sanchez, Jose"]
[Result "0-1"]
[ECO "B91"]
[WhiteElo "2429"]
[BlackElo "2196"]
[Annotator "RC"]
[PlyCount "104"]
[EventDate "2023.12.02"]
[EventType "swiss"]
[EventCountry "ESP"]
[SourceTitle "playchess.com"]
[Source "ChessBase"]
[SourceQuality "1"]
[TimeControl "5400+30"]

1. e4 c5 2. Nf3 d6 3. d4 cxd4 4. Nxd4 Nf6 5. Nc3 a6 6. a4 g6 7. g3 Bg7 8. Bg2 O-O 9. O-O Bd7 10. a5 Nc6 11. Nb3 Ne5 12. f4 Nc4 13. Qe2 Rc8 14. e5 dxe5 15. fxe5 Ng4 16. Bxb7 Ngxe5 17. Bxa6 Bg4 18. Qe4 Nd6 19. Qd5 Rc6 20. Be2 Rxc3 21. Bxg4 Rxb3 22. cxb3 Nxg4 23. a6 Qa8 24. Qxa8 Re8 25. Qb8 Rxb8 26. Rf3 Ra8 27. Rf4 f5 28. Rb4 Ne5 29. Be3 Kf7 30. Kg2 Nd7 31. Ra2 Bf6 32. a7 Ke6 33. Ra6 Kd5 34. Bf4 e5 35. Be3 Bd8 36. Ra1 g5 37. Rd1+ Ke6 38. Ra4 f4 39. Ra6 Be7 40. Bf2 e4 41. Bd4 Ne5 42. b4 Nd3 43. Rb6 f3+ 44. Kf1 Kd5 45. Rb8 Kxd4 46. Rxa8 e3 47. Re1 Ne4 48. Rxe3 Kxe3 49. Rf8 Nd2+ 50. Kg1 Bxf8 51. a8=Q f2+ 52. Kg2 f1=Q# 0-1

[Event "XX Gran Hotel Bali-A 2023"]
[Site "Benidorm"]
[Date "2023.12.03"]
[Round "3.3"]
[White "Vignesh B"]
[Black "Moskalenko, Viktor"]
[Result "1/2-1/2"]
[ECO "B08"]
[WhiteElo "2140"]
[BlackElo "2427"]
[Annotator "RC"]
[PlyCount "151"]
[EventDate "2023.12.02"]
[EventType "swiss"]
[EventCountry "ESP"]
[SourceTitle "playchess.com"]
[Source "ChessBase"]
[SourceQuality "1"]
[TimeControl "5400+30"]

1. e4 g6 2. d4 Bg7 3. Nc3 c6 4. Nf3 d6 5. h3 Nf6 6. Bd3 O-O 7. O-O Nbd7 8. e5 dxe5 9. dxe5 Nd5 10. e6 fxe6 11. Ne4 N5f6 12. Qe2 Nxe4 13. Bxe4 Nc5 14. Rd1 Qe8 15. c3 Nxe4 16. Qxe4 Qf7 17. Be3 e5 18. Ng5 Qf6 19. Qc4+ Kh8 20. Ne4 Qe6 21. Qb4 b6 22. Ng5 Qf6 23. Ne4 Qe6 24. Ng5 Qf6 25. a4 h6 26. Ne4 Qf7 27. a5 c5 28. Qb5 Bf5 29. Ng3 Qe8 30. Qc4 Qc6 31. b4 Qe6 32. Qxe6 Bxe6 33. axb6 axb6 34. bxc5 bxc5 35. Bxc5 Rxa1 36. Rxa1 Rc8 37. Bb4 Bd5 38. Ra5 e6 39. f3 h5 40. Kf2 Bh6 41. Ne4 Bg7 42. Ra6 Rc4 43. Ng5 Bf6 44. Nxe6 Bxe6 45. Rxe6 Kg7 46. Ke3 Kf7 47. Ra6 e4 48. Ra7+ Ke6 49. Ra6+ Kf7 50. fxe4 Bxc3 51. Bxc3 Rxc3+ 52. Kf4 h4 53. Ra7+ Ke6 54. Ra6+ Kf7 55. Ra2 Rg3 56. Ke5 Ke7 57. Ra7+ Kd8 58. Kd6 Rd3+ 59. Ke6 Rd2 60. e5 Rxg2 61. Kf6 Rf2+ 62. Kxg6 Rf3 63. Ra4 Rxh3 64. Kf7 Rf3+ 65. Ke6 h3 66. Ra8+ Kc7 67. Rh8 Re3 68. Kf6 Kd7 69. Rh7+ Ke8 70. Rh4 Rf3+ 71. Ke6 Kf8 72. Kd7 Rd3+ 73. Ke6 Rf3 74. Kd7 Rd3+ 75. Ke6 Rf3 76. Kd7 1/2-1/2

[Event "XX Gran Hotel Bali-A 2023"]
[Site "Benidorm"]
[Date "2023.12.03"]
[Round "3.4"]
[White "Sijpkens, Michiel"]
[Black "Decuigniere, Tom"]
[Result "1/2-1/2"]
[ECO "D37"]
[WhiteElo "2165"]
[BlackElo "2408"]
[Annotator "RC"]
[PlyCount "69"]
[EventDate "2023.12.02"]
[EventType "swiss"]
[EventCountry "ESP"]
[SourceTitle "playchess.com"]
[Source "ChessBase"]
[SourceQuality "1"]
[TimeControl "5400+30"]

1. d4 d5 2. c4 e6 3. Nc3 Be7 4. Nf3 Nf6 5. e3 O-O 6. b3 b6 7. cxd5 exd5 8. g3 c5 9. Bg2 Ba6 10. Ne2 Nc6 11. Bb2 cxd4 12. Nfxd4 Bb4+ 13. Bc3 Nxd4 14. Qxd4 Bc5 15. Qa4 Bxe2 16. Kxe2 Rc8 17. Rac1 Qe7 18. Qh4 d4 19. Bxd4 Bxd4 20. Qxd4 Qa3 21. Rxc8 Rxc8 22. Rd1 Qxa2+ 23. Rd2 Qa6+ 24. Qd3 Qxd3+ 25. Rxd3 Kf8 26. e4 Rc2+ 27. Kf3 Ke7 28. Bh3 h5 29. b4 Rc4 30. Ra3 Rxb4 31. Rxa7+ Kf8 32. Ra8+ Ke7 33. Ra7+ Kf8 34. Ra8+ Ke7 35. Ra7+ 1/2-1/2

[Event "XX Gran Hotel Bali-A 2023"]
[Site "Benidorm"]
[Date "2023.12.03"]
[Round "3.5"]
[White "Trigo Urquijo, Sergio"]
[Black "Iglesias Ferreira, Andres"]
[Result "1-0"]
[ECO "D26"]
[WhiteElo "2400"]
[BlackElo "2187"]
[Annotator "RC"]
[PlyCount "131"]
[EventDate "2023.12.02"]
[EventType "swiss"]
[EventCountry "ESP"]
[SourceTitle "playchess.com"]
[Source "ChessBase"]
[SourceQuality "1"]
[TimeControl "5400+30"]

1. d4 d5 2. c4 dxc4 3. Nf3 Nf6 4. e3 e6 5. Bxc4 c5 6. Qe2 a6 7. dxc5 Bxc5 8. O-O Nbd7 9. e4 b5 10. Bd3 Bb7 11. a4 O-O 12. axb5 axb5 13. Rxa8 Qxa8 14. Nbd2 Qb8 15. e5 Nd5 16. Nb3 Be7 17. Bxb5 Rd8 18. Na5 Nc5 19. Nxb7 Qxb7 20. Bc4 Nb6 21. Ba2 Nba4 22. Bb1 Rb8 23. Ng5 Bxg5 24. Bxg5 Qxb2 25. Qxb2 Nxb2 26. Be7 Nca4 27. Rc1 Nc4 28. f4 Nab6 29. Bc5 Rc8 30. Bd4 Rd8 31. Bf2 g6 32. g3 Kg7 33. Ba2 Rc8 34. Kg2 h5 35. Bb3 Nd2 36. Rxc8 Nxc8 37. Ba2 Ne4 38. Bd4 Ne7 39. Kf3 Nd2+ 40. Ke2 Nf5 41. Bg1 Ne4 42. Kd3 Nexg3 43. hxg3 Nxg3 44. Ke3 Nf5+ 45. Kf3 Kh6 46. Bb1 Ne7 47. Bc5 Nd5 48. Bf8+ Kh7 49. Be4 Nb6 50. Bc5 Nd7 51. Bd4 Kh6 52. Kg3 Nf8 53. Bc5 Nh7 54. Kh4 Kg7 55. Be7 Kh6 56. Bf6 Nf8 57. Bc6 Kh7 58. Be7 Kg7 59. Bxf8+ Kxf8 60. Kg5 Kg7 61. Bb5 Kg8 62. Kf6 Kf8 63. Bc6 h4 64. Bg2 Kg8 65. Kg5 Kg7 66. Bh3 1-0

[Event "XX Gran Hotel Bali-A 2023"]
[Site "Benidorm"]
[Date "2023.12.03"]
[Round "3.6"]
[White "Atienza Alvarez, Javier"]
[Black "Davtyan, David Arm."]
[Result "1/2-1/2"]
[ECO "D28"]
[WhiteElo "2105"]
[BlackElo "2362"]
[Annotator "RC"]
[PlyCount "39"]
[EventDate "2023.12.02"]
[EventType "swiss"]
[EventCountry "ESP"]
[SourceTitle "playchess.com"]
[Source "ChessBase"]
[SourceQuality "1"]
[TimeControl "5400+30"]

1. d4 d5 2. Nf3 Nf6 3. c4 dxc4 4. e3 e6 5. Bxc4 a6 6. O-O c5 7. Qe2 Nbd7 8. Rd1 Qc7 9. a4 b6 10. b3 Bb7 11. Bb2 Bd6 12. Nbd2 O-O 13. e4 cxd4 14. Rac1 Qb8 15. Bxd4 e5 16. Bb2 Nc5 17. Bd3 Nxd3 18. Qxd3 Rd8 19. Qe3 Bc5 20. Qg5 1/2-1/2

[Event "XX Gran Hotel Bali-A 2023"]
[Site "Benidorm"]
[Date "2023.12.03"]
[Round "3.7"]
[White "Campora, Daniel H."]
[Black "Ni, Viktorija"]
[Result "1-0"]
[ECO "B47"]
[WhiteElo "2341"]
[BlackElo "2139"]
[Annotator "RC"]
[PlyCount "53"]
[EventDate "2023.12.02"]
[EventType "swiss"]
[EventCountry "ESP"]
[SourceTitle "playchess.com"]
[Source "ChessBase"]
[SourceQuality "1"]
[TimeControl "5400+30"]

1. e4 c5 2. Nf3 e6 3. Nc3 Nc6 4. d4 cxd4 5. Nxd4 Qc7 6. g3 a6 7. Bg2 Nf6 8. O-O Nxd4 9. Qxd4 Bc5 10. Bf4 d6 11. Qd2 h6 12. Rad1 e5 13. Be3 Bxe3 14. fxe3 Be6 15. Qxd6 Qxd6 16. Rxd6 Ke7 17. Rb6 Rab8 18. Nd5+ Bxd5 19. exd5 Rhd8 20. c4 Rd6 21. Rb3 e4 22. Rf4 Rd7 23. Bxe4 g5 24. Rf5 Nxe4 25. Re5+ Kd6 26. Rxe4 Kc5 27. Rc3 1-0

[Event "XX Gran Hotel Bali-A 2023"]
[Site "Benidorm"]
[Date "2023.12.03"]
[Round "3.8"]
[White "Ingunza Curro, Andres"]
[Black "Garcia Ramos, Marcos"]
[Result "1/2-1/2"]
[ECO "A04"]
[WhiteElo "2328"]
[BlackElo "2102"]
[Annotator "RC"]
[PlyCount "63"]
[EventDate "2023.12.02"]
[EventType "swiss"]
[EventCountry "ESP"]
[SourceTitle "playchess.com"]
[Source "ChessBase"]
[SourceQuality "1"]
[TimeControl "5400+30"]

1. Nf3 c5 2. g3 Nc6 3. Bg2 e5 4. O-O g6 5. d3 Bg7 6. e4 Nge7 7. Nc3 O-O 8. Nd2 Rb8 9. a4 d6 10. Nc4 f5 11. f4 Be6 12. Nd5 Bf7 13. Re1 Re8 14. Be3 Qd7 15. Qd2 exf4 16. Bxf4 Nxd5 17. exd5 Ne5 18. c3 b6 19. b3 Nxc4 20. dxc4 Rxe1+ 21. Rxe1 Re8 22. Rxe8+ Bxe8 23. Kf2 Qe7 24. Bf3 Bd7 25. h4 Kf7 26. h5 Be5 27. Bxe5 Qxe5 28. Qh6 Qg7 29. Qf4 Qe5 30. Qh6 Qg7 31. Qf4 Qe5 32. Qh6 1/2-1/2

[Event "XX Gran Hotel Bali-A 2023"]
[Site "Benidorm"]
[Date "2023.12.03"]
[Round "3.9"]
[White "Madina Yadarola, Martin"]
[Black "Goluch, Piotr"]
[Result "1-0"]
[ECO "B12"]
[WhiteElo "2093"]
[BlackElo "2309"]
[Annotator "RC"]
[PlyCount "85"]
[EventDate "2023.12.02"]
[EventType "swiss"]
[EventCountry "ESP"]
[SourceTitle "playchess.com"]
[Source "ChessBase"]
[SourceQuality "1"]
[TimeControl "5400+30"]

1. e4 c6 2. d4 d5 3. e5 c5 4. dxc5 e6 5. Be3 Nd7 6. Bb5 Ne7 7. Nf3 Nc6 8. O-O Bxc5 9. Bxc5 Nxc5 10. c4 O-O 11. Nc3 dxc4 12. Bxc4 a6 13. Rc1 Qe7 14. Qc2 b5 15. Be2 Nb4 16. Nd5 exd5 17. Qxc5 Qxc5 18. Rxc5 Nxa2 19. Nd4 Nb4 20. Rc7 Rb8 21. f4 g6 22. g4 a5 23. Rfc1 Ba6 24. f5 Rbe8 25. Nc6 Nxc6 26. R1xc6 Rc8 27. Rxc8 Bxc8 28. Bd3 Re8 29. Kf2 d4 30. Rc7 b4 31. Bc4 Rf8 32. e6 fxe6 33. Rxc8 gxf5 34. Bxe6+ Kg7 35. Rxf8 Kxf8 36. Bxf5 h5 37. g5 h4 38. Kf3 a4 39. Bb1 Kg7 40. Ke4 Kg6 41. Kxd4+ Kxg5 42. Kc4 a3 43. b3 1-0

[Event "XX Gran Hotel Bali-A 2023"]
[Site "Benidorm"]
[Date "2023.12.03"]
[Round "3.10"]
[White "Lorenzo Duran, Marcos"]
[Black "Utsab Chatterjee"]
[Result "0-1"]
[ECO "D55"]
[WhiteElo "2086"]
[BlackElo "2302"]
[Annotator "RC"]
[PlyCount "66"]
[EventDate "2023.12.02"]
[EventType "swiss"]
[EventCountry "ESP"]
[SourceTitle "playchess.com"]
[Source "ChessBase"]
[SourceQuality "1"]
[TimeControl "5400+30"]

1. c4 e6 2. Nc3 d5 3. d4 Nf6 4. Nf3 Be7 5. Bg5 O-O 6. e3 h6 7. Bxf6 Bxf6 8. h4 c5 9. g4 cxd4 10. exd4 e5 11. g5 exd4 12. Nxd5 Re8+ 13. Be2 Be5 14. gxh6 Nc6 15. Rg1 g6 16. Qd3 Be6 17. Rxg6+ Kh8 18. Rg7 Bxg7 19. hxg7+ Kxg7 20. O-O-O Bxd5 21. cxd5 Qxd5 22. Rg1+ Kf6 23. Rg4 Qxa2 24. Rf4+ Kg7 25. Bd1 Qa1+ 26. Kd2 Qxb2+ 27. Bc2 Qc3+ 28. Qxc3 dxc3+ 29. Kxc3 Ne5 30. Nd4 Rac8+ 31. Kb3 Red8 32. Nf5+ Kh8 33. Nh6 Rd6 0-1

[Event "XX Gran Hotel Bali-A 2023"]
[Site "Benidorm"]
[Date "2023.12.03"]
[Round "3.11"]
[White "Potluri Saye Srreezza"]
[Black "Korneev Leskova, Svyatoslav"]
[Result "0-1"]
[ECO "C18"]
[WhiteElo "1871"]
[BlackElo "2252"]
[Annotator "RC"]
[PlyCount "86"]
[EventDate "2023.12.02"]
[EventType "swiss"]
[EventCountry "ESP"]
[SourceTitle "playchess.com"]
[Source "ChessBase"]
[SourceQuality "1"]
[TimeControl "5400+30"]

1. e4 e6 2. d4 d5 3. Nc3 Bb4 4. e5 c5 5. a3 Bxc3+ 6. bxc3 Qa5 7. Bd2 Qa4 8. Qg4 g6 9. Nf3 c4 10. Ra2 Qb5 11. Ra1 Qb2 12. Rc1 Bd7 13. Be2 Ba4 14. Ng5 Nc6 15. Qf4 Nd8 16. Bd1 h6 17. Qh4 Qxa3 18. O-O Qe7 19. f4 Rh7 20. Ra1 Bd7 21. Qh3 Rg7 22. Nf3 Rh7 23. Bc1 Qf8 24. Ba3 Qg7 25. Be2 g5 26. Nd2 b5 27. Bh5 Ne7 28. g4 Ng6 29. Bxg6 Qxg6 30. f5 Qg7 31. Qh5 Nc6 32. Bc5 Kd8 33. f6 Qg8 34. Rfb1 a6 35. Rxb5 Nxd4 36. Rb6 Ne2+ 37. Kf2 Nf4 38. Rbxa6 Rxa6 39. Rxa6 Kc7 40. Ra7+ Kc6 41. Be7 Qb8 42. Ra6+ Kb7 43. Ra2 Qxe5 0-1

[Event "XX Gran Hotel Bali-A 2023"]
[Site "Benidorm"]
[Date "2023.12.03"]
[Round "3.12"]
[White "Ishvi Aggarwal"]
[Black "Solodovnichenko, Yuri"]
[Result "1/2-1/2"]
[ECO "E60"]
[WhiteElo "1765"]
[BlackElo "2490"]
[Annotator "RC"]
[PlyCount "95"]
[EventDate "2023.12.02"]
[EventType "swiss"]
[EventCountry "ESP"]
[SourceTitle "playchess.com"]
[Source "ChessBase"]
[SourceQuality "1"]
[TimeControl "5400+30"]

1. d4 g6 2. c4 Bg7 3. g3 c5 4. d5 d6 5. Bg2 b5 6. cxb5 a6 7. bxa6 Nf6 8. Nc3 O-O 9. Nf3 Nxa6 10. O-O Bf5 11. Ne1 Qb6 12. e4 Bd7 13. Nc2 Nb4 14. h3 Rfb8 15. Nxb4 Qxb4 16. Rb1 Ne8 17. Bd2 Ba4 18. Qc1 Bb5 19. a3 Qb3 20. Nxb5 Rxb5 21. Bc3 Rab8 22. Bxg7 Kxg7 23. Re1 Nf6 24. Bf1 R5b7 25. Re3 Qa4 26. Bc4 Nd7 27. b3 Qa5 28. a4 Rb4 29. Bb5 Nf6 30. Qc3 Kg8 31. Rc1 Qa7 32. Rce1 Rd4 33. Kg2 h5 34. f4 Qc7 35. Bc4 Rb4 36. Kh2 Kh7 37. e5 Nxd5 38. Bxd5 Rxd5 39. exd6 Qxd6 40. Rxe7 Rd2+ 41. Kg1 Rbd4 42. Rxf7+ Kg8 43. Qe3 Kxf7 44. Qe8+ Kf6 45. Qh8+ Kf7 46. Qe8+ Kf6 47. Qh8+ Kf7 48. Qe8+ 1/2-1/2

[Event "XX Gran Hotel Bali-A 2023"]
[Site "Benidorm"]
[Date "2023.12.04"]
[Round "4.1"]
[White "Utsab Chatterjee"]
[Black "Grigoryan, Karen H."]
[Result "0-1"]
[ECO "B30"]
[WhiteElo "2302"]
[BlackElo "2646"]
[Annotator "TA"]
[PlyCount "94"]
[EventDate "2023.12.02"]
[EventType "swiss"]
[EventCountry "ESP"]
[SourceTitle "playchess.com"]
[Source "ChessBase"]
[SourceQuality "1"]
[TimeControl "5400+30"]

1. e4 c5 2. Nf3 Nc6 3. Bb5 e6 4. O-O Nge7 5. d4 cxd4 6. Nxd4 Qb6 {[%emt 0:04:30] 6...Ng6 is the modern continuation.} 7. Nxc6 {[%emt 0:00:40] B30: Sicilian: 2...Nc6 3 Bb5, lines without ...g6.} bxc6 8. Be2 d5 9. Nc3 {[%emt 0:00:19] White is slightly better.} Ba6 {[%emt 0:05:19] [#]} 10. b3 $146 ({Predecessor:} 10. exd5 cxd5 11. a4 Bxe2 12. Qxe2 Rd8 13. Rd1 Rd7 14. Ra3 Nc6 15. Rb3 Qd8 16. Nb5 {0-1 Acarer,O-Jung,R KO-18506 freechess.de 2014}) 10... Ng6 11. Be3 Bxe2 12. Qxe2 Qa5 13. Na4 Be7 14. c4 dxe4 15. Bd2 Qf5 16. Rae1 Rd8 17. Bc3 f6 18. Qxe4 Qxe4 19. Rxe4 Kf7 20. f4 Rhe8 21. Rfe1 Bd6 22. g3 e5 23. fxe5 Bxe5 24. Ba5 Bd4+ 25. Kg2 Rxe4 26. Rxe4 Rd7 27. Re2 Ne5 28. Nc3 f5 29. Rd2 g5 30. Ne2 c5 31. Bc3 Bxc3 32. Rxd7+ Nxd7 33. Nxc3 $11 {[%emt 0:00:02][%mdl 4096] Endgame KN-KN} Ke6 34. Kf3 Ke5 35. h4 {[%emt 0:00:56] [#]} (35. Nd5 $11 {remains equal.}) 35... g4+ $1 $17 36. Ke3 {[%emt 0:00:09] [#]} (36. Kg2 $17) 36... Nf6 $1 $19 {[%emt 0:00:14] White must now prevent ...Ne4.} 37. a3 a5 38. Na4 $2 {[%emt 0:02:40] Now White is beyond hope.} (38. Nb5 $17 {was the only chance.}) 38... Ne4 39. Nb2 Nxg3 {[%emt 0:00:21] aiming for ...f4+.} 40. Nd3+ Kd6 41. b4 $2 (41. Kf4 Ne2+ 42. Kxf5) 41... cxb4 {[%emt 0:00:15] Black is clearly winning.} 42. axb4 a4 43. c5+ Kc6 44. Ne5+ Kb5 {[%emt 0:02:59] Threatens to win with ...a3.} 45. c6 Ne4 (45... Kxb4 46. c7 Nf1+ 47. Kd3) 46. c7 Nd6 {[%emt 0:00:05] Hoping for ...a3.} (46... Kxb4 47. c8=Q (47. c8=B $2 {is the wrong capture.} a3 $19) 47... Nc5 48. Qb8+ Kc3 49. Qc7 f4+ 50. Kxf4 Kd4 51. Qd6+ {[%mdl 64] Deflection} Kc3 52. Qxc5+) 47. Kd4 Kb6 {[%emt 0:00:53] Weighted Error Value: White=0.42/Black=0.01 (flawless)} 0-1

[Event "XX Gran Hotel Bali-A 2023"]
[Site "Benidorm"]
[Date "2023.12.04"]
[Round "4.2"]
[White "Korneev Leskova, Svyatoslav"]
[Black "Trigo Urquijo, Sergio"]
[Result "1-0"]
[ECO "A37"]
[WhiteElo "2252"]
[BlackElo "2400"]
[Annotator "RC"]
[PlyCount "75"]
[EventDate "2023.12.02"]
[EventType "swiss"]
[EventCountry "ESP"]
[SourceTitle "playchess.com"]
[Source "ChessBase"]
[SourceQuality "1"]
[TimeControl "5400+30"]

1. c4 g6 2. g3 Bg7 3. Bg2 c5 4. Nc3 Nc6 5. Nf3 d6 6. d3 Bf5 7. h3 e5 8. Bg5 f6 9. Bd2 Nge7 10. a3 a5 11. Qb3 O-O 12. Rb1 Kh8 13. O-O Qd7 14. Kh2 Be6 15. Ng1 a4 16. Qd1 Nd4 17. f4 exf4 18. Rxf4 d5 19. cxd5 Nxd5 20. Nxd5 Bxd5 21. Bxd5 Qxd5 22. Bc3 Rfe8 23. e4 Qd6 24. Ne2 f5 25. Nxd4 cxd4 26. Bb4 Qe6 27. exf5 gxf5 28. Qf1 Qb3 29. Rxf5 Re3 30. Rd1 Rae8 31. Rd2 Qe6 32. Rdf2 Qg6 33. R5f3 Bh6 34. Bc5 Bg7 35. Rf8+ Bxf8 36. Rxf8+ Kg7 37. Bxd4+ R8e5 38. Rf3 1-0

[Event "XX Gran Hotel Bali-A 2023"]
[Site "Benidorm"]
[Date "2023.12.04"]
[Round "4.4"]
[White "Moskalenko, Viktor"]
[Black "Madina Yadarola, Martin"]
[Result "1-0"]
[ECO "B24"]
[WhiteElo "2427"]
[BlackElo "2093"]
[Annotator "ChessBase"]
[PlyCount "111"]
[EventDate "2023.12.02"]
[EventType "swiss"]
[EventCountry "ESP"]
[SourceTitle "playchess.com"]
[Source "ChessBase"]
[SourceQuality "1"]
[TimeControl "5400+30"]

1. e4 c5 2. Nc3 a6 3. g3 Nc6 4. Bg2 g6 5. d3 Bg7 6. f4 d6 7. Nf3 e6 8. Be3 Nd4 9. e5 dxe5 10. fxe5 Ne7 11. Ne4 O-O 12. c3 Nxf3+ 13. Bxf3 Bxe5 14. Nxc5 Nd5 15. Bh6 Bg7 16. Bxg7 Kxg7 17. d4 b6 18. Nd3 Bb7 19. Qe2 Qc7 20. O-O a5 21. Qe5+ Qxe5 22. Nxe5 Ra7 23. Kf2 Nf6 24. Bxb7 Rxb7 25. Ke3 Nd7 26. Nd3 Rc7 27. a4 Re8 28. Rfe1 Nf6 29. Kd2 Rd8 30. Re5 Rd5 31. Rae1 Rxe5 32. Rxe5 Nd5 33. Nf4 Rd7 34. Kd3 Rd6 35. Nxd5 exd5 36. b3 Kf8 37. c4 f6 38. Re2 Kf7 39. cxd5 Rxd5 40. Kc4 Rd8 41. d5 Rc8+ 42. Kb5 Rc5+ 43. Kxb6 Rxd5 44. b4 axb4 45. a5 b3 46. Rb2 Ke6 47. Rxb3 Rd6+ 48. Kb7 Rd7+ 49. Kc6 Rd6+ 50. Kc7 Rd7+ 51. Kc8 Ra7 52. Rb6+ Ke5 53. a6 f5 54. Kb8 Rxa6 55. Rxa6 g5 56. Rh6 1-0

[Event "XX Gran Hotel Bali-A 2023"]
[Site "Benidorm"]
[Date "2023.12.04"]
[Round "4.5"]
[White "Zanan, Evgeny"]
[Black "Ambartsumian, Tyhran"]
[Result "1-0"]
[ECO "D10"]
[WhiteElo "2486"]
[BlackElo "2138"]
[Annotator "RC"]
[PlyCount "47"]
[EventDate "2023.12.02"]
[EventType "swiss"]
[EventCountry "ESP"]
[SourceTitle "playchess.com"]
[Source "ChessBase"]
[SourceQuality "1"]
[TimeControl "5400+30"]

1. d4 d5 2. c4 c6 3. Nc3 Nf6 4. e3 Bf5 5. Qb3 Qb6 6. cxd5 Qxb3 7. axb3 Nxd5 8. Nxd5 cxd5 9. Bd2 e6 10. Nf3 Bd6 11. Nh4 Bc2 12. Rc1 Be7 13. Rxc2 Bxh4 14. Rc8+ Bd8 15. Bb5+ Ke7 16. Bb4+ Kf6 17. Ke2 a6 18. Bd3 Nc6 19. Rxa8 Nxb4 20. Rc1 Na2 21. Rcc8 Ba5 22. Rxh8 Nc1+ 23. Kf1 Nxd3 24. Rhb8 1-0

[Event "XX Gran Hotel Bali-A 2023"]
[Site "Benidorm"]
[Date "2023.12.04"]
[Round "4.6"]
[White "Decuigniere, Tom"]
[Black "Atienza Alvarez, Javier"]
[Result "1-0"]
[ECO "D11"]
[WhiteElo "2408"]
[BlackElo "2105"]
[Annotator "RC"]
[PlyCount "53"]
[EventDate "2023.12.02"]
[EventType "swiss"]
[EventCountry "ESP"]
[SourceTitle "playchess.com"]
[Source "ChessBase"]
[SourceQuality "1"]
[TimeControl "5400+30"]

1. d4 Nf6 2. Nf3 d5 3. g3 Bf5 4. Bg2 h6 5. c4 c6 6. Nc3 e6 7. Qb3 Qb6 8. c5 Qxb3 9. axb3 Na6 10. Bf4 Be7 11. Ne5 g5 12. Bd2 Nc7 13. f3 a6 14. h4 gxh4 15. g4 Bc2 16. Bf4 Nd7 17. Kd2 Bxb3 18. Ra3 Nxc5 19. dxc5 Bxc5 20. Rxb3 Nb5 21. Nxb5 axb5 22. Rxh4 Ra4 23. Rxh6 Rxh6 24. Bxh6 f6 25. Nd3 Bd6 26. e4 d4 27. Bg7 1-0